 Dungeon Crawl Stone Soup version 0.17.0-9-g801d43b (console) character file.

28 gw the Skirmisher (level 2, 0/24 HPs)
             Began as a Demonspawn Abyssal Knight on Nov 9, 2015.
             Was a Follower of Lugonu.
             Succumbed to Crazy Yiuf's poison
             ... on level 2 of the Dungeon.
             The game lasted 00:01:10 (970 turns).

gw the Skirmisher (Demonspawn Abyssal Knight)        Turns: 970, Time: 00:01:10

Health: 0/24       AC: 17    Str: 12    XL:     2   Next: 96%
Magic:  4/4        EV:  3    Int: 13    God:    Lugonu [*.....]
Gold:   40         SH:  2    Dex: 12    Spells: 0 memorised, 1 level left

rFire  . . .     SeeInvis .     a - +1 mace
rCold  . . .     Clarity  .     b - +0 plate armour
rNeg   . . .     SustAt   .     (no shield)
rPois  .         Gourm    .     (no helmet)
rElec  .         Spirit   .     e - +0 cloak
rCorr  .         Warding  .     (no gloves)
rMut   .         Stasis   .     d - +2 pair of boots
MR     .....                    (no amulet)
Stlth  ..........               (no ring)
                                (no ring)

@: lethally poisoned (0 -> -7), very slightly contaminated, invisible, not
resistant to hostile enchantments, extremely unstealthy
A: large bone plates 1
a: Depart the Abyss, Renounce Religion


You were on level 2 of the Dungeon.
You worshipped Lugonu.
Lugonu was aware of your devotion.
You were hungry.

You visited 1 branch of the dungeon, and saw 2 of its levels.
You visited the Abyss 1 time.

You collected 40 gold pieces.

Inventory:

Hand Weapons
 a - a +1 mace (weapon)
Missiles
 g - 16 stones (quivered)
Armour
 b - a +0 plate armour (worn)
 d - a +2 pair of boots (worn)
 e - a +0 cloak (worn)
Comestibles
 c - 2 bread rations


   Skills:
 + Level 3.0 Fighting
 * Level 2.3 Maces & Flails
 + Level 0.5 Throwing
 + Level 2.2 Armour
 - Level 0.8 Dodging
 + Level 2.9 Invocations


You had one spell level left.
You didn't know any spells.

Dungeon Overview and Level Annotations

Branches:
Dungeon (2/15)

Altars:

Annotations:
D:2 Crazy Yiuf


Innate Abilities, Weirdness & Mutations

You are partially covered in large bone plates (AC +2, SH +2).


Message History

Crazy Yiuf barely misses you.
Unknown command.
Unknown command.
Unknown command.
Unknown command.
FLEEEEING!
ATTACKING (1,0)
You hit Crazy Yiuf but do no damage.
You feel sick.
Crazy Yiuf says, "Island tired Hive!"
Crazy Yiuf hits you but does no damage.
You fade into invisibility!
You are very lightly contaminated with residual magic.
Unknown command.
Unknown command.
Unknown command.
Unknown command.
FLEEEEING!
ATTACKING (1,0)
You hit Crazy Yiuf but do no damage.
You die...

#. #. #.#######
..<.....#
#...###.###
###.###...##77777
........#.+)P.7.777
###.#####).))).76g7
##..#
#...)P)7777.((..#
#...####.)+))77
#..(#
..........##77 ###
#...####### ##..#
##.# .... #.##.


You could see Crazy Yiuf.

Table legend:
 A = Turns spent in this place as a percentage of turns spent in the entire game.
 B = Non-inter-level travel turns spent in this place as a percentage of non-inter-level travel turns spent in the entire game.
 C = Inter-level travel turns spent in this place as a percentage of turns spent in this place.
 D = Turns resting spent in this place as a percentage of non-inter-level travel turns spent in this place.
 E = Turns spent auto-exploring this place as a percentage of non-inter-level travel turns spent in this place.
 F = Non-inter-level travel turns spent in this place divided by the number of levels of this place that you've seen.
                   A       B       C       D       E      F
               +-------+-------+-------+-------+-------+----------------------
         Total | 100.0 | 100.0 |   0.1 |   0.7 |   3.0 | 595.0
       Dungeon |  96.0 |  96.0 |   0.1 |   0.7 |   2.9 | 856.5
         Abyss |   4.0 |   4.0 |   0.0 |   0.0 |   5.6 |  72.0
               +-------+-------+-------+-------+-------+----------------------

Table legend:
 A = Kills in this place as a percentage of kills in entire the game.
 B = Kills by you in this place as a percentage of kills by you in the entire game.
 C = Kills by friends in this place as a percentage of kills by friends in the entire game.
 D = Other kills in this place as a percentage of other kills in the entire game.
 E = Experience gained in this place as a percentage of experience gained in the entire game.
 F = Experience gained in this place divided by the number of levels of this place that you have seen.
                   A       B       C       D       E      F
               +-------+-------+-------+-------+-------+----------------------
         Total | 100.0 | 100.0 |  -nan |  -nan | 100.0 |  13.3
       Dungeon | 100.0 | 100.0 |  -nan |  -nan | 100.0 |  20.0
               +-------+-------+-------+-------+-------+----------------------

Vanquished Creatures
  An ooze (D:1)
  2 ball pythons
  2 bats (D:1)
  2 giant cockroaches (D:1)
  A goblin (D:1)
  4 hobgoblins
  4 jackals (D:1)
  3 giant newts (D:1)
  A kobold (D:1)
  A rat (D:1)
21 creatures vanquished.

Notes
Turn   | Place    | Note
--------------------------------------------------------------
     0 | Abyss:1  | gw the Demonspawn Abyssal Knight began the quest for the Orb.
     0 | Abyss:1  | Reached XP level 1. HP: 18/18 MP: 2/2
   133 | Abyss:1  | Noticed a large abomination
   134 | D:1      | Escaped the Abyss
   172 | D:1      | Reached * piety under Lugonu
   207 | D:1      | Gained mutation: You are partially covered in large bone plates (AC +2, SH +2). [demonic ancestry]
   207 | D:1      | Reached XP level 2. HP: 21/24 MP: 4/4
   960 | D:2      | Noticed Crazy Yiuf
   969 | D:2      | HP: 1/24 [poisoned by Crazy Yiuf]
   970 | D:2      | Succumbed to Crazy Yiuf's poison

Action                   || total
-------------------------++-------
Melee: Mace              ||    85
Throw: Stone             ||     6
Invok: Depart the Abyss  ||     1

Vault maps used:
D:1:      lightli_iron_boxes
D:2:      lemuel_coloured_pillars_altar, kiku_gazebo_garden_becter,
          uniq_crazy_yiuf_cottage
